 Dungeon Crawl Stone Soup version 0.25-a0-697-g890751e744 (webtiles) character file.

Game seed: 17630668166889334242, levelgen mode: deterministic

8 Noire the Chiller (level 2, 0/14 HPs)
             Began as a Vine Stalker Wanderer on Apr 1, 2020.
             Slain by a kobold
             ... wielding a cursed +0 short sword
              (1 damage)
             ... on level 1 of the Dungeon.
             The game lasted 00:03:43 (389 turns).

Noire the Chiller (Vine Stalker Wanderer)            Turns: 389, Time: 00:03:44

Health: 0/14       AC:  2    Str: 14    XL:     2   Next: 8%
Magic:  0/4        EV: 11    Int: 13    God:
Gold:   0          SH:  0    Dex: 12    Spells: 2/3 levels left

rFire    . . .     SeeInvis .   a - +2 dagger
rCold    . . .     Gourm    .   (no shield)
rNeg     . . .     Faith    .   e - +0 robe
rPois    .         Spirit   +   (no helmet)
rElec    .         Reflect  .   (no cloak)
rCorr    .         Harm     .   (no gloves)
MR       .....                  (no boots)
Stlth    ++........             (no amulet)
HPRegen  0.04/turn              (no ring)
MPRegen  0.09/turn              (no ring)

@: no status effects
A: fangs 2, magic shield, antimagic bite, no potion heal 3, rot immunity
a: no special abilities


You were on level 1 of the Dungeon.
You were not hungry.

You visited 1 branch of the dungeon, and saw 1 of its levels.

Inventory:

Hand Weapons
 a - a +2 dagger (weapon)
Armour
 e - a +0 robe (worn)
Scrolls
 d - a scroll of remove curse {unknown}
Potions
 b - a potion of haste
Comestibles
 f - a ration


   Skills:
 + Level 1.4 Fighting
   Level 1.0 Axes
 - Level 1.0 Throwing
 - Level 1.0 Armour
 + Level 0.8 Dodging
 - Level 1.2 Stealth
 - Level 1.1 Spellcasting
 - Level 4.0 Ice Magic


You had 2 spell levels left.
You knew the following spells:

 Your Spells              Type           Power        Failure   Level  Hunger
a - Freeze                Ice            ##..         5%          1    ##.....

Your spell library contained the following spells:

 Spells                   Type           Power        Failure   Level  Hunger
 Frozen Ramparts          Ice            ##....       16%         3    ####...
 Ozocubu's Armour         Chrm/Ice       #.......     36%         3    ####...


Dungeon Overview and Level Annotations

Branches:
Dungeon (1/15)

Altars:


Innate Abilities, Weirdness & Mutations

You have extremely sharp teeth.
When hurt, damage is shared between your health and your magic reserves.
Your bite disrupts and absorbs the magic of your enemies.
Potions cannot restore your health.
You are immune to rotting.


Message History

You barely miss the kobold. You bite the kobold, but do no damage.
The kobold hits you but does no damage.
You closely miss the kobold. The kobold hits you but does no damage.
You hit the kobold.
You kill the kobold!
You hit the kobold but do no damage. Your bite misses the kobold.
The kobold closely misses you.
You barely miss the kobold. Your bite misses the kobold.
The kobold closely misses you.
You hit the kobold.
The kobold is severely wounded.
The kobold hits you but does no damage.
You barely miss the kobold.
The kobold is severely wounded.
The kobold hits you with a cursed +0 short sword.
* * * LOW HITPOINT WARNING * * *
You hit the kobold but do no damage. Your bite misses the kobold.
The kobold is severely wounded.
The kobold hits you with a cursed +0 short sword.
You die...

#.#.#.K#############.#
#g#.#.(# #.# #.#.##.#
#K# #.#....# #.#
#K############# #K#
#.#...........# #.#
#.#.#########.# #g#
#...# #K# #.# #####
#@# #.# #.# #.# #.#
#.# #.# #)# #.######.#
#...KK...# #.########
###


You could see a kobold.

Vanquished Creatures
  A leopard gecko (D:1)
  A hobgoblin (D:1)
  A kobold (D:1)
  A ball python (D:1)
  3 bats (D:1)
  A goblin (D:1)
8 creatures vanquished.

Notes
Turn   | Place    | Note
-------+----------+-------------------------------------------
     0 | D:1      | Noire the Vine Stalker Wanderer began the quest for the
                  | Orb.
     0 | D:1      | Noire set off with the following items: a +2 dagger, a
                  | potion of haste, a +0 robe, a ration; and the following
                  | spell memorised: Freeze; and the following spells available
                  | to memorise: Frozen Ramparts, Ozocubu's Armour
     0 | D:1      | Reached XP level 1. HP: 10/10 MP: 3/3
   322 | D:1      | Reached XP level 2. HP: 2/14 MP: 1/4
   389 | D:1      | Slain by a kobold

Levels and vault maps discovered:
D:1:      shiori_arrival_maze, layout_basic

Action                   || total
-------------------------++-------
Melee: Dagger            ||    36
       Bite              ||     9
Armor: Robe              ||    17
Dodge: Dodged            ||    40

Table legend:
 A = Non-vault XP
 B = Vault XP
 C = Vault XP percentage of total XP
 D = Non-vault monster count
 E = Vault monster count
 F = Vault count percentage of total count
                 A         B        C        D         E       F
            +---------+---------+-------+---------+---------+-------
      Total |      11 |       1 |   8.3 |       7 |       1 |  12.5
            +---------+---------+-------+---------+---------+-------
        D:1 |      11 |       1 |   8.3 |       7 |       1 |  12.5
            +---------+---------+-------+---------+---------+-------
